 Dungeon Crawl Stone Soup version 0.23.0 (webtiles) character file.

Game seed: 10983307849159582536

151 Esekla the Cutter (level 5, 0/31 HPs)
             Began as a Deep Elf Abyssal Knight on Feb 16, 2019.
             Was a Believer of Lugonu.
             Slain by a river rat (9 damage)
             ... in a sewer.
             The game lasted 00:24:04 (4391 turns).

Esekla the Cutter (Deep Elf Abyssal Knight)         Turns: 4391, Time: 00:24:05

Health: 0/31       AC:  3    Str:  7 (9)  XL:     5   Next: 10%
Magic:  8/8        EV: 13    Int: 17 (18) God:    Lugonu [**....]
Gold:   186        SH:  0    Dex: 13 (14) Spells: 4/4 levels left

rFire    . . .     SeeInvis .   a - +1 short sword
rCold    . . .     Gourm    .   (no shield)
rNeg     . . .     Faith    .   r - +0 robe {MR+}
rPois    .         Spirit   .   (no helmet)
rElec    .         Reflect  .   (no cloak)
rCorr    .         Harm     .   g - +0 pair of gloves
MR       +++..                  (no boots)
Stlth    +.........             (no amulet)
HPRegen  0.10/turn              d - ring of protection from magic
MPRegen  0.11/turn              i - ring of protection from magic

@: no status effects
A: no striking features
a: Depart the Abyss, Bend Space, Renounce Religion


You were in a sewer.
You worshipped Lugonu.
Lugonu was pleased with you.
You were not hungry.

You visited 1 branch of the dungeon, and saw 4 of its levels.
You visited the Abyss 1 time.
You also visited: Sewer.

You collected 186 gold pieces.

Inventory:

Hand Weapons
 a - a +1 short sword (weapon)
 m - a +0 war axe of electrocution
Armour
 g - a +0 pair of gloves (worn)
 r - a +0 robe of magic resistance (worn)
Jewellery
 d - a ring of protection from magic (left hand)
 i - a ring of protection from magic (right hand)
 t - an uncursed ring of fire
Scrolls
 e - a scroll of magic mapping {unknown}
 p - 2 scrolls of teleportation
Potions
 b - a potion of magic {unknown}
 f - a potion of curing
 h - 2 potions of haste
 j - a potion of lignification
 k - a potion of cancellation
 l - a potion of brilliance {unknown}
 s - a potion of flight {unknown}
Comestibles
 c - 4 rations


   Skills:
 - Level 2.4 Fighting
 * Level 4.5 Short Blades
 - Level 1.2 Armour
 + Level 3.4 Dodging
 + Level 0.5 Stealth
 + Level 2.2 Invocations


You had 4 spell levels left.
You didn't know any spells.
Your spell library was empty.

Dungeon Overview and Level Annotations

Branches:
Dungeon (4/15)
 Temple: D:4-7

Altars:
Hepliaklqana
Qazlal
Ru


Message History

You hit the river rat but do no damage.
The river rat is severely wounded.
You hit the river rat but do no damage.
The river rat is severely wounded.
The river rat misses you.
You hit the river rat but do no damage.
The river rat is severely wounded.
The river rat bites you but does no damage.
You barely miss the river rat.
The river rat is severely wounded.
The river rat misses you.
You hit the river rat but do no damage.
The river rat is severely wounded.
The river rat twitches its whiskers.
The river rat bites you.
* * * LOW HITPOINT WARNING * * *
You hit the river rat.
The river rat is severely wounded.
The river rat bites you!
You die...

### #.######.# #.#†#...r#
#.#.#.## #.#####r#
################@############
≈≈≈≈≈†≈≈≈..≈..÷≈....≈.≈≈#≈≈≈≈
..≈≈.†≈≈..≈..≈≈≈≈≈..≈.≈≈#≈≈≈≈
#############################


You could see a river rat.

Vanquished Creatures
  A howler monkey skeleton (D:4)
  3 adders
  3 river rats (Sewer)
  An ooze (D:1)
  3 worms
  4 leopard geckos
  An orc (D:3)
  A ball python (Sewer)
  10 bats
  3 giant cockroaches
  5 goblins
  3 hobgoblins (D:1)
  11 jackals
  2 quokkas
  7 frilled lizards
  17 rats
75 creatures vanquished.

Notes
Turn   | Place    | Note
-------+----------+-------------------------------------------
     0 | Abyss:1  | Esekla the Deep Elf Abyssal Knight began the quest for the
                  | Orb.
     0 | Abyss:1  | Reached XP level 1. HP: 13/13 MP: 4/4
    24 | Abyss:1  | Noticed a smoke demon
    24 | Abyss:1  | Noticed a large abomination
    39 | D:1      | Escaped the Abyss
   332 | D:1      | Reached skill level 1 in Armour
   345 | D:1      | Reached * piety under Lugonu
   345 | D:1      | Reached XP level 2. HP: 2/18 MP: 5/5
  1212 | D:1      | Reached XP level 3. HP: 12/22 MP: 6/6
  1475 | D:1      | Reached skill level 3 in Short Blades
  1828 | D:2      | Found a stormy altar of Qazlal.
  1828 | D:2      | Found a sacrificial altar of Ru.
  1830 | D:2      | Found a hazy altar of Hepliaklqana.
  2724 | D:3      | Reached ** piety under Lugonu
  2759 | D:3      | Reached XP level 4. HP: 25/27 MP: 7/7
  3443 | D:4      | Reached skill level 4 in Short Blades
  3625 | D:4      | Found a glowing drain.
  3698 | Sewer    | Entered a sewer
  4121 | Sewer    | HP: 1/27 [river rat (9)]
  4138 | Sewer    | Reached XP level 5. HP: 12/31 MP: 8/8
  4391 | Sewer    | Slain by a river rat

Skill      XL: |  1  2  3  4 |
---------------+-------------+-----
Armour         | 1 |  1.2
Short Blades   | 3 4 |  4.5
Dodging        | 3 |  3.4
Fighting       | |  2.4
Stealth        | |  0.5
Invocations    | |  2.2

Action                   |  1- 3 |  4- 6 || total
-------------------------+-------+-------++-------
Melee: Short sword       |   173 |   164 ||   337
Invok: Depart the Abyss  |     1 |       ||     1
  Use: Scroll            |     3 |     5 ||     8
       Potion            |       |     7 ||     7
 Stab: Sleeping          |       |     3 ||     3
  Eat: Ration            |     2 |     2 ||     4
Armor: Leather armour    |    45 |       ||    45
       Robe              |     6 |    29 ||    35
Dodge: Dodged            |    95 |    92 ||   187
